 Dungeon Crawl Stone Soup version 0.31-a0-1074-g0b22e4e0f1 (webtiles) character file.

Game seed: 2093254751864454436

209 backslashecho the Chopper (level 6, -1/47 HPs)
             Began as a Human Warper on Dec 4, 2023.
             Was a Believer of Uskayaw.
             Slain by a gnoll sergeant
             ... wielding a +0 trident
              (8 damage)
             ... on level 4 of the Dungeon.
             The game lasted 00:07:18 (3604 turns).

backslashecho the Chopper (Human Warper)            Turns: 3604, Time: 00:07:18

Health: -1/47      AC:  6    Str: 14    XL:     6   Next: 12%
Magic:  9/9        EV:  9    Int: 13    God:    Uskayaw [**....]
Gold:   179        SH:  5    Dex: 12    Spells: 7/9 levels left

rFire   . . .        a - +0 hand axe
rCold   . . .        (no shield)
rNeg    . . .        l - +0 scale mail
rPois   .            (no helmet)
rElec   .            (no cloak)
rCorr   .            (no gloves)
SInv    .            (no boots)
Will    .....        n - amulet of reflection Stlth
                     (no ring)
HPRegen 0.27/turn    (no ring)
MPRegen 0.11/turn

%: reflection
@: mighty
A: no striking features
a: Renounce Religion, Stomp, Line Pass


You were on level 4 of the Dungeon.
You worshipped Uskayaw.
Uskayaw was noncommittal.
You visited 1 branch of the dungeon, and saw 4 of its levels.

You collected 179 gold pieces.

Inventory:

Hand Weapons
 a - a +0 hand axe (weapon)
Missiles
 d - 7 darts of dispersal (quivered)
 i - 6 poisoned darts
Armour
 l - a +0 scale mail (worn)
Jewellery
 n - an amulet of reflection (around neck)
Wands
 r - a wand of mindburst (13)
Scrolls
 c - 2 scrolls of blinking
 g - a scroll of revelation {unknown}
 j - a scroll of fog {unknown}
 k - 2 scrolls of teleportation {unknown}
 p - a scroll of fear {unknown}
 s - a scroll of vulnerability {unknown}
Potions
 b - a potion of attraction
 e - a potion of lignification {unknown}
 f - a potion of might
 h - a potion of curing
 m - a potion of enlightenment
 q - a potion of heal wounds {unknown}


   Skills:
 + Level 3.2 Fighting
 * Level 4.0 Axes
 - Level 2.0 Throwing
 + Level 2.5 Armour
 - Level 2.0 Dodging
 - Level 1.0 Unarmed Combat
 - Level 2.0 Spellcasting
 - Level 3.0 Translocations


You had 7 spell levels left.
You knew the following spells:

 Your Spells              Type           Power      Damage    Failure   Level
b - Blink                 Tloc           18%        N/A       43%         2

Your spell library contained the following spells:

 Spells                   Type           Power      Damage    Failure   Level
 Lesser Beckoning         Tloc           18%        N/A       43%         2
 Teleport Other           Tloc           9%         N/A       67%         3
 Cigotuvi's Dreadful Rot  Necr/Pois/Air  2%         N/A       85%         2
 Ignite Poison            Fire/Tmut/Pois 1%         N/A       97%         3
 Manifold Assault         Tloc           9%         N/A       97%         4
 Vhi's Electric Charge    Tloc/Air       10%        N/A       99%         4
 Alistair's Intoxication  Tmut/Pois      0%         N/A       100%        5
 Borgnjor's Vile Clutch   Necr/Erth      0%         N/A       100%        5
 Freezing Cloud           Conj/Ice/Air   0%         6-21      100%        5
 Eringya's Noxious Bog    Tmut/Pois      0%         4d6       100%        6


Dungeon Overview and Level Annotations

Branches:
Dungeon (4/15)
 Temple: D:4-7

Altars:
Dithmenos
Fedhas
Gozag
Hepliaklqana
Makhleb
Qazlal
Sif Muna
Trog
Uskayaw
Wu Jian
Yredelemnul
Zin

Annotations:
D:3 3 runed translucent doors, ShellytheWitch's ghost, amateur KoBr


Message History

You hit the gnoll.
The gnoll is moderately wounded.
You hit the gnoll. The gnoll hits you with a +0 whip.
The gnoll hits you but does no damage.
You take 5 damage, and have 42/47 hp.
You closely miss the gnoll.
The gnoll is moderately wounded.
You closely miss the gnoll. The gnoll barely misses you.
The gnoll hits you but does no damage.
The gnoll sergeant hits you from afar with a +0 trident!
You take 6 damage, and have 36/47 hp.
You slash the gnoll!
The gnoll is almost dead.
You slash the gnoll! The gnoll hits you with a +0 whip.
The gnoll closely misses you.
The gnoll sergeant hits you from afar with a +0 trident.
You can now pass through a line of other dancers.
You take 11 damage, and have 25/47 hp.
MASSIVE DAMAGE!!
You slash the gnoll!
You kill the gnoll!
You closely miss the gnoll. The gnoll hits you with a +0 whip.
The gnoll sergeant closely misses you.
You take 5 damage, and have 20/47 hp.
You barely miss the gnoll.
The gnoll is severely wounded.
You closely miss the goblin. The gnoll hits you with a +0 whip.
You block the gnoll sergeant's attack. The goblin hits you with a +0 dagger.
* * * LOW HITPOINT WARNING * * *
You take 6 damage, and have 14/47 hp.
The gnoll attacks as it pursues you! The gnoll hits you but does no damage.
You slash the gnoll!
You kill the gnoll!
Your Axes skill increases to level 4!
You completely miss the goblin.
The gnoll sergeant hits you from afar with a +0 trident.
* * * LOW HITPOINT WARNING * * *
The goblin hits you with a +0 dagger.
* * * LOW HITPOINT WARNING * * *
You take 6 damage, and have 9/47 hp.
You barely miss the goblin. You block the gnoll sergeant's attack.
The goblin barely misses you.
You feel better. You block the gnoll sergeant's attack.
The goblin hits you but does no damage.
You regained 5 hp, and now have 15/47 hp.
You barely miss the goblin.
The gnoll sergeant hits you from afar with a +0 trident!
* * * LOW HITPOINT WARNING * * *
The goblin closely misses you.
The gnoll sergeant hits you from afar with a +0 trident!
You die...

.# ... +.......# #.#
###...## #.g.....#
#.# ...._.#p
#.g.....# #.#
###...## #.g######
#.# .# ... ##..# #.#
.# # ##g#### #.# .#
#.g.g# #.#### .#
#####g#######.≈§≈§≈#
.#
#..@g......§..≈###≈#
.#
#.###'#####.§..'_#
#.##...## #...§###≈#
#.##....###...§§≈≈≈#
#.##......'.......##
#.####....#.....(.#
#.# #....#.......#
#.# #....#.......#
#.# #....#....##.#


You could see a gnoll sergeant and a goblin.

Vanquished Creatures
  A scorpion (D:4)
  A hound (D:4)
  2 gnolls (D:4)
  2 adders
  A worm (D:2)
  A dart slug (D:2)
  An orc (D:3)
  5 ball pythons
  9 bats
  5 endoplasms
  3 giant cockroaches
  11 goblins
  11 hobgoblins
  2 jackals (D:1)
  3 quokkas
  5 frilled lizards
  6 kobolds
  4 rats
73 creatures vanquished.

Notes
Turn   | Place    | Note
-------+----------+-------------------------------------------
     0 | D:1      | backslashecho the Human Warper began the quest for the Orb.
     0 | D:1      | Reached XP level 1. HP: 16/16 MP: 3/3
   186 | D:1      | Reached XP level 2. HP: 22/22 MP: 5/5
   403 | D:1      | Reached XP level 3. HP: 27/27 MP: 6/6
  1477 | D:2      | Reached skill level 1 in Unarmed Combat
  1726 | D:2      | Reached XP level 4. HP: 23/34 MP: 7/7
  2271 | D:3      | Reached skill level 3 in Axes
  2431 | D:3      | Found a runed translucent gate.
  2431 | D:3      | Found a runed translucent gate.
  2431 | D:3      | Found an opulent altar of Gozag.
  2431 | D:3      | Found a runed translucent gate.
  2431 | D:3      | Noticed a bullfrog
  2433 | D:3      | Noticed ShellytheWitch's ghost (amateur KoBr)
  2462 | D:3      | Learned a level 2 spell: Blink
  2503 | D:3      | Found a shadowy altar of Dithmenos.
  2517 | D:3      | Found a basalt altar of Yredelemnul.
  2523 | D:3      | Found an opulent altar of Gozag.
  2528 | D:3      | Found a burning altar of Makhleb.
  2655 | D:3      | Found a hazy altar of Hepliaklqana.
  2655 | D:3      | Found a hide-covered altar of Uskayaw.
  2655 | D:3      | Found a stormy altar of Qazlal.
  2683 | D:3      | Became a worshipper of Uskayaw the Reveller
  2702 | D:3      | Found a shimmering blue altar of Sif Muna.
  2702 | D:3      | Found a glowing silver altar of Zin.
  2882 | D:3      | Found a blossoming altar of Fedhas.
  3029 | D:4      | Reached * piety under Uskayaw
  3128 | D:4      | Found a bloodstained altar of Trog.
  3130 | D:4      | Noticed an arcanist
  3162 | D:4      | Reached XP level 5. HP: 18/39 MP: 8/8
  3333 | D:4      | Reached ** piety under Uskayaw
  3410 | D:4      | Reached XP level 6. HP: 20/47 MP: 9/9
  3546 | D:4      | Found an ornate altar of the Wu Jian Council.
  3601 | D:4      | Reached skill level 4 in Axes
  3604 | D:4      | Slain by a gnoll sergeant

Illustrated notes

Levels and vault maps discovered:
D:1:      psy_arrival_wood_between_worlds, layout_basic, minmay_octomino_c4
D:2:      layout_basic
D:3:      layout_rooms, nicolae_overflow_macrodata_refinement,
          minmay_overflow_temple_star_hex, fedhas_altar_4, ebering_ghost_gozag,
          chequers_serial_rivers_micro_b, nicolae_underground_beach
D:4:      layout_basic, trog_wizard, kennysheep_mini_moat, nicolae_letterblocks
          [nicolae_letter_subblock, nicolae_letter_subblock,
          nicolae_letter_subblock, nicolae_letter_subblock,
          nicolae_letter_subblock, nicolae_letter_subblock,
          nicolae_letter_subblock, nicolae_letter_subblock,
          nicolae_letter_subblock, nicolae_letter_subblock,
          nicolae_letter_subblock, nicolae_letter_subblock,
          nicolae_letter_subblock, nicolae_letter_subblock,
          nicolae_letter_subblock, nicolae_letter_subblock,
          nicolae_letter_subblock, nicolae_letter_subblock,
          nicolae_letter_subblock, nicolae_letter_subblock,
          nicolae_letter_subblock, nicolae_letter_subblock,
          nicolae_letter_subblock, nicolae_letter_subblock,
          nicolae_letter_subblock]

Skill      XL: |  1  2  3  4  5  6 |
---------------+-------------------+-----
Unarmed Combat | 1 |  1.0
Axes           | 3 4 |  4.0
Armour         | 2 |  2.5
Throwing       | 2 |  2.0
Fighting       | 3 |  3.2
Dodging        | |  2.0
Spellcasting   | |  2.0
Translocations | |  3.0

Action                     |  1- 3 |  4- 6 || total
---------------------------+-------+-------++-------
  Melee: Hand axe          |   160 |   131 ||   291
         Punch             |       |     4 ||     4
    Use: Scroll            |       |     5 ||     5
         Potion            |       |     2 ||     2
   Stab: Sleeping          |     2 |       ||     2
 Armour: Leather armour    |    68 |       ||    68
         Scale mail        |    30 |    92 ||   122
  Dodge: Dodged            |   104 |    51 ||   155
  Block: Other             |       |    33 ||    33

Table legend: (Time is in decaauts)
 A = Elapsed time spent in this place.
 B = Non-inter-level travel time spent in this place.
 C = Inter-level travel time spent in this place.
 D = Time resting spent in this place.
 E = Time spent auto-exploring this place.
 F = Levels seen in this place.
 G = Mean time per level.
                   A        B        C        D        E       F      G
               +--------+--------+--------+--------+--------+-----+--------+
         Total |   3652 |   3360 |    292 |    206 |   2430 |   4 |  913.0 |
       Dungeon |   3652 |   3360 |    292 |    206 |   2430 |   4 |  913.0 |
               +--------+--------+--------+--------+--------+-----+--------+

Top non-repeatable levels by time:
     D:1: 1427 daAuts
     D:3: 915 daAuts
     D:2: 767 daAuts
     D:4: 542 daAuts
